 Dungeon Crawl Stone Soup version 0.24.0-3-g28a8eb0610 (webtiles) character file.

Game seed: 7857640705724218401, levelgen mode: deterministic

53 JackS81 the Skirmisher (level 3, -7/33 HPs)
             Began as a Draconian Berserker on Nov 1, 2019.
             Was a Believer of Trog.
             Mangled by a worm (14 damage)
             ... on level 2 of the Dungeon.
             The game lasted 00:05:25 (1249 turns).

JackS81 the Skirmisher (Draconian Berserker)        Turns: 1249, Time: 00:05:26

Health: -7/33      AC:  5    Str: 19    XL:     3   Next: 62%
Magic:  3/3        EV: 13    Int:  7    God:    Trog [**....]
Gold:   71         SH:  0    Dex: 11    Spells: 2/2 levels left

rFire    . . .     SeeInvis .   a - +0 mace
rCold    . . .     Gourm    .   (no shield)
rNeg     . . .     Faith    .   (armour unavailable)
rPois    .         Spirit   .   (helmet restricted)
rElec    .         Reflect  .   (no cloak)
rCorr    .         Harm     .   (no gloves)
MR       .....                  (no boots)
Stlth    ++........             (no amulet)
HPRegen  0.11/turn              j - ring of stealth
MPRegen  0.08/turn              (no ring)

@: no status effects
A: unfitting armour, cold-blooded, AC +5
a: Berserk, Trog's Hand, Renounce Religion


You were on level 2 of the Dungeon.
You worshipped Trog.
Trog was pleased with you.
You were not hungry.

You visited 1 branch of the dungeon, and saw 2 of its levels.

You collected 71 gold pieces.

Inventory:

Hand Weapons
 a - a +0 mace (weapon)
Jewellery
 j - a ring of stealth (left hand)
Scrolls
 e - a scroll of amnesia {unknown}
 f - 2 scrolls of enchant armour {unknown}
 g - a scroll of teleportation {unknown}
 k - a scroll of identify {unknown}
Potions
 c - a potion of berserk rage {unknown}
 h - 2 potions of curing {unknown}
 i - a potion of invisibility {unknown}
Comestibles
 b - 4 rations
 d - 4 chunks of flesh


   Skills:
 * Level 4.0 Fighting
 * Level 3.8 Maces & Flails
 + Level 3.0 Dodging


You had 2 spell levels left.
You didn't know any spells.
Your spell library was empty.

Dungeon Overview and Level Annotations

Branches:
Dungeon (2/15)

Altars:
Trog
Uskayaw


Innate Abilities, Weirdness & Mutations

Your plain brown scales are hard. (AC +5)
You cannot fit into any form of body armour.
You are cold-blooded and may be slowed by cold attacks.


Message History

Found a whip and a flail.
The rat bites you but does no damage.
You sock the rat!
You kill the rat!
Trog accepts your kill.
The moth of wrath goads the worm on!
The worm goes berserk!
You see here a rat corpse.
You hit the worm but do no damage. The worm barely misses you.
You completely miss the worm. The worm barely misses you.
You hit the worm.
The worm is lightly wounded.
The worm closely misses you.
You hit the worm.
The worm is moderately wounded.
The worm bites you!
* * * LOW HITPOINT WARNING * * *
You sock the worm!
The worm is severely wounded.
The worm bites you!
You die...

#........# #.# ########.#
#.# #.# #.## #.# #...
#### #.#####. ###...###
#....... ##..)..).##
#######. #.).._..).# ##
##......w@.## #
#....###....# #
#...##y##†..# #
#....###....# #
#...........# #
#.........## ############
##.......#####.##........
####.####..÷...#.#######
#.##...###....#


You could see a moth of wrath and a worm (berserk).

Vanquished Creatures
  2 adders (D:2)
  2 worms (D:2)
  A dart slug (D:1)
  A leopard gecko (D:2)
  2 giant cockroaches
  2 goblins (D:2)
  A hobgoblin (D:1)
  2 jackals (D:2)
  2 bats (D:2)
  A frilled lizard (D:2)
  3 kobolds
  10 rats
29 creatures vanquished.

Notes
Turn   | Place    | Note
-------+----------+-------------------------------------------
     0 | D:1      | JackS81 the Draconian Berserker began the quest for the
                  | Orb.
     0 | D:1      | Reached XP level 1. HP: 19/19 MP: 1/1
   330 | D:1      | Reached XP level 2. HP: 25/26 MP: 2/2
   934 | D:2      | Reached XP level 3. HP: 32/33 MP: 3/3
  1045 | D:2      | Reached skill level 4 in Fighting
  1074 | D:2      | Found a hide-covered altar of Uskayaw.
  1194 | D:2      | Noticed a moth of wrath
  1197 | D:2      | Found a bloodstained altar of Trog.
  1227 | D:2      | Reached ** piety under Trog
  1249 | D:2      | Mangled by a worm

Levels and vault maps discovered:
D:1:      giann_wishing_wells, layout_basic, minmay_stone_trees_small
D:2:      layout_loops_ring, eat_drink_and_be_merry_uskayaw, tgw_trog

Skill      XL: |  1  2  3 |
---------------+----------+-----
Fighting       | 4 |  4.0
Dodging        | 3 |  3.0
Maces & Flails | |  3.8

Action                   || total
-------------------------++-------
Melee: Mace              ||    72
       Tailslap          ||     7
Invok: Berserk           ||     1
  Eat: Chunk             ||     2
Armor: Skin              ||    14
Dodge: Dodged            ||    54
